[Event "November 21 Late 2023"]
[Site "https://www.chess.com"]
[Date "2023.11.21"]
[Round "3"]
[White "OKEKE, Isaac Chukwudalu"]
[Black "Ferreira, Vitor Hugo Vieira"]
[Result "1-0"]
[Board "105"]
[TimeControl "180+1"]
[WhiteFideId "8508526"]
[BlackFideId "2119765"]
[WhiteElo "2161"]
[BlackElo "2123"]
[WhiteTeam "NGR"]
[BlackTeam "BRA"]
[WhiteClock "0:00:21"]
[BlackClock "0:00:26"]

1. e4 c5 2. f3 e6 3. d4 cxd4 4. Qxd4 Nc6 5. Qf2 Nf6 6. Nc3 d5 7. exd5 exd5 8. Bd3 Qa5 9. Bd2 Bc5 10. Qe2+ Be7 11. Ne4 Qb6 12. Nxf6+ gxf6 13. O-O-O Be6 14. Nh3 d4 15. Nf4 Bxa2 16. Bc4 Bxc4 17. Qxc4 a5 18. Rhe1 O-O 19. Nd5 Qd8 20. Bh6 Re8 21. Nxe7+ Rxe7 22. Qc5 Rxe1 23. Rxe1 a4 24. Re4 Ne5 25. Rxe5 fxe5 26. Qxe5 f6 27. Qe6+ Kh8 28. Qf7 Ra6 29. Qg7# 1-0

[Event "November 21 Late 2023"]
[Site "https://www.chess.com"]
[Date "2023.11.21"]
[Round "3"]
[White "Vafin, Ayrat"]
[Black "Bazzano, Sebastian"]
[Result "1-0"]
[Board "106"]
[TimeControl "180+1"]
[WhiteFideId "4146530"]
[BlackFideId "104566"]
[WhiteElo "2317"]
[BlackElo "2289"]
[WhiteTeam "RUS"]
[BlackTeam "ARG"]
[WhiteClock "0:00:51"]
[BlackClock "0:00:45"]

1. Nf3 Nf6 2. g3 g6 3. Bg2 Bg7 4. O-O O-O 5. c4 c5 6. d4 cxd4 7. Nxd4 Nc6 8. Nc2 d6 9. Nc3 a6 10. b3 Rb8 11. Bb2 Bd7 12. Rc1 b5 13. Ne3 Qa5 14. Qd2 Rfc8 15. Rfd1 b4 16. Ncd5 Qxa2 17. Nxf6+ Bxf6 18. Bxf6 Qxd2 19. Rxd2 exf6 20. Rxd6 Be8 21. Nd5 Kg7 22. Nxf6 Ne7 23. Rxa6 Nf5 24. e3 Rd8 25. Bd5 Ne7 26. Nxe8+ Rxe8 27. Ra7 Rbd8 28. Rd1 Rf8 29. Rxe7 1-0

[Event "November 21 Late 2023"]
[Site "https://www.chess.com"]
[Date "2023.11.21"]
[Round "3"]
[White "Tifferet, Shaked"]
[Black "Liu, Leonardo"]
[Result "0-1"]
[Board "107"]
[TimeControl "180+1"]
[WhiteFideId "2811529"]
[BlackFideId "30965780"]
[WhiteElo "2142"]
[BlackElo "2268"]
[WhiteTeam "ISR"]
[BlackTeam "USA"]
[WhiteClock "0:00:00"]
[BlackClock "0:00:29"]

1. e4 c5 2. Ne2 g6 3. g3 Bg7 4. Bg2 Nc6 5. O-O e6 6. c3 Nge7 7. d4 cxd4 8. cxd4 d5 9. e5 O-O 10. Nbc3 b6 11. h4 Ba6 12. h5 Nf5 13. g4 Nh4 14. h6 Bh8 15. f4 Nxg2 16. Kxg2 Qh4 17. Ng3 Bxf1+ 18. Qxf1 Qxg4 19. Be3 f6 20. Qb5 fxe5 21. Qxc6 exf4 22. Bxf4 Qxf4 23. Qxe6+ Qf7 24. Qe3 Rae8 25. Qd2 Qf3+ 26. Kh2 Re3 27. Qg2 Bxd4 28. Nxd5 Qxg2+ 29. Kxg2 Re5 30. Nb4 Rf2+ 31. Kh3 Re3 32. Nd5 Re5 33. Nb4 Rf3 34. Nc2 Bc5 35. Kg4 Rf2 36. Ne1 Rxb2 37. Nd3 Ree2 38. Nxb2 Rxb2 39. Rd1 Rxa2 40. Rd7 Bf8 41. Ne4 Ra4 42. Kf4 Bxh6+ 43. Ke5 Bg7+ 44. Kd5 Rd4+ 45. Ke6 Rxd7 46. Kxd7 a5 47. Kc6 Bd4 48. Kb5 h5 49. Ng5 h4 50. Nf3 Bc5 51. Nxh4 Kg7 52. Nf3 Kf6 53. Nd2 Kf5 54. Nb3 g5 55. Nd2 g4 56. Nf1 Kf4 57. Kc4 Kf3 0-1

[Event "November 21 Late 2023"]
[Site "https://www.chess.com"]
[Date "2023.11.21"]
[Round "3"]
[White "Rodriguez Dominguez, Melissa"]
[Black "Sanchez Alvares, Kelvin Antonio"]
[Result "0-1"]
[Board "108"]
[TimeControl "180+1"]
[WhiteFideId "3517560"]
[BlackFideId "3906680"]
[WhiteElo "2012"]
[BlackElo "2217"]
[WhiteTeam "CUB"]
[BlackTeam "VEN"]
[WhiteClock "0:01:27"]
[BlackClock "0:01:50"]

1. e4 e5 2. Nf3 Nc6 3. Bb5 a6 4. Ba4 b5 5. Bb3 Nf6 6. d3 Be7 7. a4 b4 8. a5 O-O 9. Nbd2 d6 10. Nc4 Be6 11. O-O h6 12. h3 Nd7 13. c3 Nc5 14. Ba4 Nxa4 15. Qxa4 Qd7 16. cxb4 Rab8 17. Bd2 f5 18. exf5 Bxf5 19. Qa3 Bxh3 20. d4 Bxg2 21. Kxg2 Qg4+ 22. Kh1 Rxf3 23. Nxe5 dxe5 24. Qa2+ Kh8 0-1

[Event "November 21 Late 2023"]
[Site "https://www.chess.com"]
[Date "2023.11.21"]
[Round "3"]
[White "Elgersma, Onno"]
[Black "campochess"]
[Result "1-0"]
[Board "109"]
[TimeControl "180+1"]
[WhiteFideId "1053531"]
[WhiteElo "2251"]
[BlackElo "2241"]
[WhiteTeam "NED"]
[WhiteClock "0:01:28"]
[BlackClock "0:00:34"]

1. g3 c6 2. Bg2 d5 3. b3 Nf6 4. Bb2 e6 5. Nf3 Be7 6. O-O Nbd7 7. c4 O-O 8. d4 Ne4 9. Nc3 f5 10. e3 Nxc3 11. Bxc3 Nf6 12. Qe1 Ne4 13. Bb4 Bxb4 14. Qxb4 Qd6 15. Qxd6 Nxd6 16. Ne5 Ne4 17. Bxe4 fxe4 18. f4 a5 19. a3 Ra6 20. b4 b5 21. cxb5 cxb5 22. Rfc1 Rd8 23. bxa5 Bd7 24. Rc7 Be8 25. Rac1 Rxa5 26. Re7 Rxa3 27. Rcc7 Ra1+ 28. Kg2 Ra2+ 29. Kh3 g5 30. Rg7+ Kf8 31. Rxh7 Kg8 32. fxg5 Rf2 33. Ng4 Rd7 34. Rcxd7 Bxd7 35. Rxd7 b4 36. Nf6+ Kf8 37. Rb7 Rb2 38. g6 1-0

[Event "November 21 Late 2023"]
[Site "https://www.chess.com"]
[Date "2023.11.21"]
[Round "3"]
[White "Quirke, Jeffrey"]
[Black "Prithu Gupta"]
[Result "0-1"]
[Board "110"]
[TimeControl "180+1"]
[WhiteFideId "2013029"]
[BlackFideId "46618546"]
[WhiteElo "2239"]
[BlackElo "2344"]
[WhiteTeam "USA"]
[BlackTeam "IND"]
[WhiteClock "0:00:00"]
[BlackClock "0:00:52"]

1. e4 e5 2. Nf3 Nc6 3. Nc3 Nf6 4. h3 Bb4 5. Bd3 O-O 6. O-O Bxc3 7. dxc3 h6 8. Re1 d6 9. c4 Nd7 10. b3 Nc5 11. Bb2 Nxd3 12. cxd3 f5 13. exf5 Bxf5 14. d4 e4 15. Nd2 d5 16. cxd5 Qxd5 17. Nc4 Rad8 18. Ne3 Qf7 19. d5 Be6 20. Qc2 Bxd5 21. Nxd5 Rxd5 22. Rxe4 Rg5 23. Rg4 Rxg4 24. hxg4 Nb4 25. Qd2 Nd5 26. Qd4 Nf4 27. Re1 b6 28. Qc4 Qxc4 29. bxc4 Nd3 30. Re2 Nxb2 31. Rxb2 Rf4 32. f3 Rxc4 33. Rd2 c5 34. Rd7 Ra4 35. Kh2 Rxa2 36. Kg3 a5 37. f4 c4 38. g5 hxg5 39. fxg5 c3 40. g6 Kf8 41. Rc7 c2 42. Kf4 c1=Q+ 43. Rxc1 Rxg2 0-1

[Event "November 21 Late 2023"]
[Site "https://www.chess.com"]
[Date "2023.11.21"]
[Round "3"]
[White "Van Dael, Siem"]
[Black "Vila Dupla, Aurelio"]
[Result "1-0"]
[Board "111"]
[TimeControl "180+1"]
[WhiteFideId "1049771"]
[BlackFideId "2203383"]
[WhiteElo "2252"]
[BlackElo "2009"]
[WhiteTeam "NED"]
[BlackTeam "ESP"]
[WhiteClock "0:02:15"]
[BlackClock "0:00:29"]

1. e4 c5 2. Nf3 d6 3. d4 cxd4 4. Nxd4 Nf6 5. Nc3 g6 6. Be3 Bg7 7. f3 O-O 8. Qd2 Nc6 9. O-O-O Nxd4 10. Bxd4 Be6 11. h4 Qa5 12. Qg5 Qxg5+ 13. hxg5 Nd7 14. Bxg7 Kxg7 15. g3 Rfc8 16. Bh3 Bxh3 17. Rxh3 Nb6 18. Rdh1 Rh8 19. a4 a5 20. b3 Rac8 21. Kd2 Rc5 22. f4 f6 23. gxf6+ exf6 24. Ne2 Rc7 25. Nd4 Re7 26. Re1 d5 27. e5 fxe5 28. fxe5 Rhe8 29. e6 Rf8 30. Re2 Rf6 31. c3 h5 32. Reh2 Rf8 33. g4 Rh8 34. gxh5 Rxh5 35. Rxh5 gxh5 36. Rxh5 Kg6 37. Rh1 Nc8 38. Rg1+ Kf6 39. Rf1+ Ke5 40. Rf5+ Kd6 41. Rf8 Kc7 42. Nb5+ Kb8 43. Nd6 Rxe6 44. Rxc8+ Ka7 45. Nb5+ Kb6 46. c4 dxc4 47. bxc4 Rh6 48. c5+ 1-0

[Event "November 21 Late 2023"]
[Site "https://www.chess.com"]
[Date "2023.11.21"]
[Round "3"]
[White "The_Straightforward_Rook"]
[Black "ilya2700"]
[Result "0-1"]
[Board "112"]
[TimeControl "180+1"]
[WhiteElo "2530"]
[BlackElo "2221"]
[WhiteClock "0:00:44"]
[BlackClock "0:00:46"]

1. e4 c5 2. c3 e6 3. d4 d5 4. e5 Nc6 5. Nf3 g6 6. Be2 cxd4 7. cxd4 Bg7 8. h4 h6 9. Nc3 Nge7 10. Bf4 Qb6 11. Qd2 Nf5 12. Rd1 Bd7 13. g4 Nfe7 14. Nb5 Nc8 15. Kf1 Nxe5 16. Bxe5 Bxe5 17. Nxe5 Bxb5 18. h5 g5 19. Kg2 Nd6 20. Bf3 O-O-O 21. Rhe1 Kb8 22. b3 Rhf8 23. Kg1 f5 24. Ng6 Rf7 25. Rxe6 fxg4 26. Bxg4 Bd7 27. Ne5 Bxe6 28. Bxe6 Ne4 0-1

[Event "November 21 Late 2023"]
[Site "https://www.chess.com"]
[Date "2023.11.21"]
[Round "3"]
[White "Andreassen, Lars"]
[Black "ciutadella"]
[Result "0-1"]
[Board "113"]
[TimeControl "180+1"]
[WhiteFideId "1504878"]
[WhiteElo "2119"]
[BlackElo "2529"]
[WhiteTeam "NOR"]
[WhiteClock "0:00:04"]
[BlackClock "0:00:21"]

1. d4 Nf6 2. Nf3 e6 3. Bg5 h6 4. Bh4 b6 5. Nc3 Bb7 6. Qd3 d5 7. Ne5 Be7 8. f3 O-O 9. e4 dxe4 10. fxe4 c5 11. O-O-O cxd4 12. Qxd4 Qxd4 13. Rxd4 Bc5 14. Rc4 Nbd7 15. Nxd7 Nxd7 16. b4 Be3+ 17. Kb1 Rac8 18. Nb5 Rxc4 19. Bxc4 Ne5 20. Bd3 Nxd3 21. cxd3 Ba6 22. a4 g5 23. Bg3 Rd8 24. Rd1 Bxb5 25. axb5 Rd4 26. Be1 Bf4 27. Kc2 Bxh2 28. Ra1 Rd7 29. g3 Bg1 30. Kd2 Bd4 31. Ra3 f5 32. Ke2 Rc7 33. Kd1 Kf7 34. Bd2 Kg6 35. Be1 Kh5 36. Ra2 Kg4 37. Rh2 h5 38. Re2 Kf3 39. exf5 exf5 40. Rh2 Be3 41. Bd2 Bxd2 42. Kxd2 Rh7 43. d4 Kxg3 44. Re2 h4 45. d5 h3 46. Re3+ Kf4 47. Kd3 h2 0-1

[Event "November 21 Late 2023"]
[Site "https://www.chess.com"]
[Date "2023.11.21"]
[Round "3"]
[White "D`Arruda, Ricardo D."]
[Black "seasidesunset"]
[Result "1-0"]
[Board "114"]
[TimeControl "180+1"]
[WhiteFideId "100692"]
[WhiteElo "2527"]
[BlackElo "2182"]
[WhiteTeam "ARG"]
[WhiteClock "0:00:36"]
[BlackClock "0:00:03"]

1. d4 Nf6 2. Nf3 g6 3. Nc3 d5 4. Bg5 Bg7 5. Bxf6 Bxf6 6. e4 dxe4 7. Nxe4 Bg7 8. Bc4 O-O 9. O-O Nc6 10. c3 Bg4 11. Re1 e5 12. d5 Na5 13. Bf1 f5 14. Nc5 e4 15. Ne6 Bxf3 16. gxf3 Qh4 17. Nxg7 Kxg7 18. b4 Nc6 19. dxc6 Rad8 20. Qc2 Qg5+ 21. Kh1 Rd2 22. Qc1 Qf4 23. Rd1 Qxf3+ 24. Bg2 Rxd1+ 25. Qxd1 Qxc3 26. cxb7 Rb8 27. Rc1 Qe5 28. Qd7+ Kh6 29. Qxc7 Qb2 30. h4 Rxb7 31. Qf4+ Kg7 32. Rc7+ Rxc7 33. Qxc7+ Kh6 34. Qxa7 Qb1+ 35. Kh2 Qxb4 36. Qe3+ Kg7 37. a3 Qa4 38. Qc3+ Kh6 39. Qb4 Qc2 40. Qd4 Qa2 41. a4 g5 42. Qf6+ Kh5 43. Qxg5# 1-0

[Event "November 21 Late 2023"]
[Site "https://www.chess.com"]
[Date "2023.11.21"]
[Round "3"]
[White "Tologon tegin, Semetei"]
[Black "Fernandez Hernandez, Gerardo"]
[Result "1-0"]
[Board "115"]
[TimeControl "180+1"]
[WhiteFideId "13800574"]
[BlackFideId "2207400"]
[WhiteElo "2258"]
[BlackElo "2142"]
[WhiteTeam "KGZ"]
[BlackTeam "ESP"]
[WhiteClock "0:01:39"]
[BlackClock "0:00:00"]

1. d4 Nf6 2. c4 c5 3. d5 b5 4. cxb5 a6 5. bxa6 g6 6. Nc3 Bg7 7. e4 O-O 8. Nf3 Qa5 9. Bd2 Bxa6 10. Bxa6 Qxa6 11. Qe2 e6 12. Qxa6 Nxa6 13. a3 exd5 14. exd5 Rfe8+ 15. Be3 Nb4 16. Kd2 Nbxd5 17. Nxd5 Nxd5 18. Rab1 Nxe3 19. fxe3 Bh6 20. Rhe1 d5 21. Rbc1 Rab8 22. Rc2 d4 23. Kd3 Rb3+ 24. Kc4 Rbxe3 25. Rxe3 dxe3 26. Re2 Rc8 27. Ne5 f5 28. g3 g5 29. a4 f4 30. a5 Re8 31. gxf4 gxf4 32. Nf3 Rc8 33. a6 Rc6 34. Kb5 Rc8 35. a7 Bf8 36. Kb6 Bd6 37. Kb7 Rc7+ 38. Ka6 Rc6+ 39. Kb7 Rc7+ 40. Kb6 Rc8 41. b3 Kf7 42. Ra2 Kf6 43. a8=Q Rxa8 44. Rxa8 e2 45. Re8 Kf5 46. Rxe2 Kg4 47. Rf2 Bf8 48. Kb5 Bg7 49. Kc4 Bd4 50. Nxd4 cxd4 51. Kxd4 f3 52. Ke3 1-0

[Event "November 21 Late 2023"]
[Site "https://www.chess.com"]
[Date "2023.11.21"]
[Round "3"]
[White "Feliz Dotel, Dewar Bienvenido"]
[Black "Hajiyev, Kanan"]
[Result "0-1"]
[Board "116"]
[TimeControl "180+1"]
[WhiteFideId "6402801"]
[BlackFideId "13404148"]
[WhiteElo "2069"]
[BlackElo "2102"]
[WhiteTeam "DOM"]
[BlackTeam "AZE"]
[WhiteClock "0:00:00"]
[BlackClock "0:00:05"]

1. d4 d5 2. e3 c5 3. dxc5 Nc6 4. a3 a5 5. c4 d4 6. Nf3 e5 7. exd4 e4 8. Ng5 Qxd4 9. Nc3 Qxd1+ 10. Kxd1 f5 11. Nd5 Ra7 12. Nc7+ Kd7 13. Nb5 Nf6 14. Nxa7 Nxa7 15. Nf7 Rg8 16. Ne5+ Ke6 17. Bf4 g5 18. Bd2 Kxe5 19. Bxa5 Bxc5 20. Kc2 Bxf2 21. Rd1 Nc6 22. Bc3+ Bd4 23. b4 Bxc3 24. Kxc3 Be6 25. b5 Na5 26. Kb4 b6 27. Be2 Rc8 28. Rc1 Nb7 29. Rhd1 Nc5 30. a4 Ra8 31. Ra1 f4 32. a5 Nfd7 33. axb6 Rb8 34. Rxd7 Nxd7 35. c5 Nxb6 36. cxb6 Rxb6 37. Ra6 Rb8 38. b6 g4 39. Kc5 f3 40. gxf3 gxf3 41. Bf1 Rc8+ 42. Kb4 Rc1 43. Ra5+ Kf4 44. Rb5 Rxf1 45. b7 Rb1+ 46. Kc5 Rxb5+ 47. Kxb5 Bd5 48. b8=Q+ Ke3 49. Qb6+ Ke2 50. Qd4 f2 51. Qb2+ Kf3 52. Qc3+ e3 53. Qf6+ Kg2 54. Qg5+ Kh1 55. Qf4 Bg2 56. Qxe3 f1=Q+ 57. Kc5 Qf3 58. Qc1+ Kxh2 0-1

[Event "November 21 Late 2023"]
[Site "https://www.chess.com"]
[Date "2023.11.21"]
[Round "3"]
[White "DraningWaterHi"]
[Black "Kuegel, Tobias"]
[Result "1-0"]
[Board "117"]
[TimeControl "180+1"]
[BlackFideId "4636295"]
[WhiteElo "2128"]
[BlackElo "2213"]
[BlackTeam "GER"]
[WhiteClock "0:00:22"]
[BlackClock "0:00:09"]

1. d4 Nf6 2. c4 e6 3. Nf3 d5 4. g3 Be7 5. Bg2 O-O 6. O-O dxc4 7. Qc2 a6 8. a4 Bd7 9. Ne5 Bc6 10. Nxc6 Nxc6 11. e3 Na5 12. Nd2 c5 13. dxc5 Rc8 14. b4 cxb3 15. Nxb3 Nxb3 16. Qxb3 Nd7 17. Ba3 Nxc5 18. Bxc5 Bxc5 19. Qxb7 a5 20. Rfd1 Qf6 21. Rab1 Bb4 22. Rbc1 Rxc1 23. Rxc1 Qb2 24. Qc6 g6 25. Qc2 Qa3 26. Rd1 Kg7 27. h4 h5 28. Bf3 Qc3 29. Qxc3+ Bxc3 30. Bc6 Rb8 31. Bb5 Bb4 32. Rd7 Rc8 33. Rb7 Kf8 34. Kf1 Rc1+ 35. Ke2 Rc2+ 36. Kf1 Rc1+ 37. Kg2 Rc2 38. Rb8+ Kg7 39. Kf1 Rc1+ 40. Ke2 Rc2+ 41. Kf1 Rc7 42. Be8 Kf6 43. Bb5 Ke7 44. Ba6 Rc1+ 45. Ke2 Rc2+ 46. Kf1 Rc6 47. Rb7+ Kf8 48. Bb5 Rc2 49. Rb8+ Kg7 50. Be8 Rc7 51. Kg2 Kf6 52. Kf3 Ke7 53. Bb5 Bd6 54. Ke4 f5+ 55. Kf3 e5 56. Re8+ Kf6 57. Rd8 e4+ 58. Kg2 Be7 59. Rd2 Bb4 60. Ra2 Rc1 61. Be2 Ke5 62. Kh3 Re1 63. Kg2 Rc1 64. Rb2 Kd5 65. Bb5 Kc5 66. Re2 Rc3 67. Ra2 Ba3 68. Re2 Kb4 69. Be8 Kb3 70. Bxg6 Kxa4 71. Bxf5 Rc4 72. Be6 Rb4 73. Bf7 Rb2 74. Rxb2 Bxb2 75. Bxh5 Kb4 76. Bg6 a4 77. Bxe4 a3 78. Bd5 Kc5 79. Ba2 Kd6 80. h5 Ke7 81. f4 Kf6 82. e4 Bc1 83. Kf3 Bb2 84. g4 Kg7 85. g5 Kh8 86. e5 Kg7 87. Kg4 Kf8 88. h6 Ba1 89. Kf5 Bc3 90. Kg6 Bd2 91. h7 Bc3 92. h8=Q+ Ke7 93. Qf6+ Kd7 94. Qd6+ Kc8 95. Qc5+ Kb7 96. Qxc3 Ka6 97. Qxa3+ Kb5 98. Qb3+ Kc6 99. e6 Kd6 100. Qc4 Ke7 101. Qd5 Kf8 102. Qd8# 1-0

[Event "November 21 Late 2023"]
[Site "https://www.chess.com"]
[Date "2023.11.21"]
[Round "3"]
[White "Mazurkiewicz, Michal"]
[Black "Yushko, Olga"]
[Result "0-1"]
[Board "118"]
[TimeControl "180+1"]
[WhiteFideId "1124943"]
[BlackFideId "14114500"]
[WhiteElo "2124"]
[BlackElo "2028"]
[WhiteTeam "POL"]
[BlackTeam "UKR"]
[WhiteClock "0:00:00"]
[BlackClock "0:00:30"]

1. e4 e6 2. d3 d5 3. Nd2 Nf6 4. Ngf3 c5 5. g3 Be7 6. Bg2 O-O 7. e5 Nfd7 8. O-O Nc6 9. Re1 Qc7 10. Qe2 b5 11. h4 Bb7 12. Nf1 a5 13. Bf4 a4 14. Ne3 a3 15. bxa3 Rxa3 16. Nxd5 exd5 17. e6 Bd6 18. Bxd6 Qxd6 19. exd7 Qxd7 20. Ne5 Qd6 21. Nxc6 Bxc6 22. Qe5 Qxe5 23. Rxe5 Rd8 24. Rae1 g6 25. h5 Rxa2 26. h6 Kf8 27. c4 b4 28. cxd5 Bb5 29. d6 Rxd6 30. Rxc5 Bd7 31. Rc4 Rb6 32. Rd4 Be6 33. Bd5 b3 34. Bxe6 fxe6 35. Rde4 b2 36. Rb1 Ra1 37. Ree1 Rc6 38. Kg2 Rc1 39. Rexc1 bxc1=Q 0-1

[Event "November 21 Late 2023"]
[Site "https://www.chess.com"]
[Date "2023.11.21"]
[Round "3"]
[White "Novik, Maxim"]
[Black "Ivanov, Aleksandr"]
[Result "0-1"]
[Board "119"]
[TimeControl "180+1"]
[WhiteFideId "4102924"]
[BlackFideId "2092980"]
[WhiteElo "2306"]
[BlackElo "2009"]
[WhiteTeam "LTU"]
[BlackTeam "USA"]
[WhiteClock "0:00:00"]
[BlackClock "0:02:13"]

1. e4 e6 2. d4 d5 3. exd5 exd5 4. Nf3 Nf6 5. Bd3 Bd6 6. Qe2+ Qe7 7. Qxe7+ Bxe7 8. O-O O-O 9. Bf4 c6 10. Nbd2 Bg4 11. Rfe1 Re8 12. Ne5 Bh5 13. h3 Nbd7 14. g4 Bg6 15. g5 Nxe5 16. gxf6 Nxd3 17. fxe7 Nxf4 0-1

[Event "November 21 Late 2023"]
[Site "https://www.chess.com"]
[Date "2023.11.21"]
[Round "3"]
[White "Dias, Joao Batista"]
[Black "Toniutti, Ezio"]
[Result "0-1"]
[Board "120"]
[TimeControl "180+1"]
[WhiteFideId "2108240"]
[BlackFideId "113034"]
[WhiteElo "1907"]
[BlackElo "2215"]
[WhiteTeam "BRA"]
[BlackTeam "ARG"]
[WhiteClock "0:00:12"]
[BlackClock "0:00:09"]

1. e4 e5 2. Nf3 Nc6 3. d4 exd4 4. Nxd4 Bc5 5. Nxc6 Qf6 6. Qd2 dxc6 7. Bd3 Be6 8. O-O O-O-O 9. Nc3 Ne7 10. Qg5 Qxg5 11. Bxg5 f6 12. Bh4 g5 13. Bg3 h5 14. h3 Bd4 15. Rab1 h4 16. Bh2 Rhg8 17. Ne2 Bb6 18. b3 g4 19. hxg4 Rxg4 20. Nf4 Bd7 21. Bc4 Kb8 22. Be6 Bxe6 23. Nxe6 Rdg8 24. Rbd1 Rxg2+ 25. Kh1 Rxf2 26. Rxf2 Bxf2 27. Bxc7+ Kc8 28. Bd6 Ng6 29. Rf1 Bg3 30. Bxg3 hxg3 31. Rxf6 Nh4 32. Rf8+ Rxf8 33. Nxf8 Kc7 34. Ne6+ Kd6 35. Nd8 Ke5 36. Nxb7 Kxe4 37. Nc5+ Kf3 38. Nd3 Nf5 39. Kg1 Nd4 40. Ne5+ Kf4 41. Nd3+ Ke3 42. Ne5 Ke4 43. Nd3 Nxc2 44. Ne1 Nxe1 45. Kf1 Kf3 46. a4 Nd3 47. a5 Nf4 48. Kg1 g2 49. Kh2 Ne2 50. a6 g1=Q+ 0-1

[Event "November 21 Late 2023"]
[Site "https://www.chess.com"]
[Date "2023.11.21"]
[Round "3"]
[White "Thake, Conrad"]
[Black "Horak, Martin"]
[Result "0-1"]
[Board "121"]
[TimeControl "180+1"]
[WhiteFideId "5602947"]
[BlackFideId "367095"]
[WhiteElo "1685"]
[BlackElo "2091"]
[WhiteTeam "MLT"]
[BlackTeam "CZE"]
[WhiteClock "0:00:35"]
[BlackClock "0:00:57"]

1. e4 c5 2. Nf3 Nc6 3. d4 cxd4 4. Nxd4 g6 5. Be3 Bg7 6. c4 Qb6 7. Nxc6 Qxc6 8. Qc2 Nf6 9. Nc3 Ng4 10. Bf4 O-O 11. Be2 d6 12. h3 Ne5 13. Nd5 Re8 14. O-O e6 15. Nb4 Qc7 16. Rac1 b6 17. Nd3 Nc6 18. a3 Nd4 19. Qd2 Nb3 20. Qb4 Nxc1 21. Bxd6 Nxe2+ 22. Kh1 Qc6 23. Re1 Nd4 24. Ne5 Qb7 25. Qc3 Nc6 26. f4 Nxe5 27. fxe5 Bd7 28. b4 Bc6 29. Qf3 b5 30. c5 a5 31. h4 axb4 32. axb4 Ra4 33. Qc3 Bxe4 34. Qe3 Bxg2+ 35. Kg1 0-1

[Event "November 21 Late 2023"]
[Site "https://www.chess.com"]
[Date "2023.11.21"]
[Round "3"]
[White "Bilan, Danila"]
[Black "Lutz, Igor Oscar"]
[Result "1-0"]
[Board "122"]
[TimeControl "180+1"]
[WhiteFideId "24161918"]
[BlackFideId "2110806"]
[WhiteElo "2146"]
[BlackElo "1749"]
[WhiteTeam "RUS"]
[BlackTeam "BRA"]
[WhiteClock "0:00:11"]
[BlackClock "0:00:00"]

1. d4 d5 2. Nf3 Nf6 3. c4 e6 4. Nc3 c6 5. Bg5 Be7 6. e3 O-O 7. Bd3 dxc4 8. Bxc4 b5 9. Bd3 Bb7 10. Qc2 Nbd7 11. Rd1 h6 12. h4 Rc8 13. g4 b4 14. Na4 c5 15. Qe2 cxd4 16. Bxf6 Nxf6 17. g5 Nh5 18. gxh6 g6 19. Rg1 Qa5 20. Nxd4 Qxa4 21. Qxh5 b3 22. Rxg6+ Kh8 23. Rg7 Qb4+ 24. Kf1 Qc5 25. Qg4 Bg5 26. Rxg5 1-0

[Event "November 21 Late 2023"]
[Site "https://www.chess.com"]
[Date "2023.11.21"]
[Round "3"]
[White "Wu, Derek"]
[Black "Zakarian, David"]
[Result "1-0"]
[Board "124"]
[TimeControl "180+1"]
[WhiteFideId "30914558"]
[BlackFideId "13301276"]
[WhiteElo "2211"]
[BlackElo "2286"]
[WhiteTeam "USA"]
[BlackTeam "ARM"]
[WhiteClock "0:01:06"]
[BlackClock "0:00:10"]

1. d4 Nf6 2. c4 e6 3. Nc3 Bb4 4. Qc2 d5 5. cxd5 Qxd5 6. Nf3 c5 7. Bd2 Bxc3 8. Bxc3 cxd4 9. Nxd4 O-O 10. e3 e5 11. Nf3 Nc6 12. Be2 Re8 13. O-O Bg4 14. Rfd1 Qe6 15. Ng5 Qf5 16. Qxf5 Bxf5 17. Bc4 Bg6 18. b3 h6 19. Nf3 Ne4 20. Bb2 Bh5 21. Rd7 Bxf3 22. gxf3 Nc5 23. Rxf7 Na5 24. Bd5 Rad8 25. Rd7+ Kh8 26. Rxd8 Rxd8 27. e4 Nd3 28. Bc3 Nc6 29. Rd1 Nf4 30. Kf1 b5 31. Rd2 b4 32. Bxc6 Rc8 33. Bxe5 1-0

[Event "November 21 Late 2023"]
[Site "https://www.chess.com"]
[Date "2023.11.21"]
[Round "3"]
[White "Haszon, David"]
[Black "Santos Flores, Alberto"]
[Result "1-0"]
[Board "125"]
[TimeControl "180+1"]
[WhiteFideId "733610"]
[BlackFideId "3601234"]
[WhiteElo "2182"]
[BlackElo "2235"]
[WhiteTeam "HUN"]
[BlackTeam "ECU"]
[WhiteClock "0:01:29"]
[BlackClock "0:01:00"]

1. d4 Nf6 2. Bf4 c5 3. e3 d5 4. Nd2 Nc6 5. Ngf3 Bf5 6. dxc5 Ne4 7. Nd4 Bd7 8. N2b3 f6 9. Qh5+ g6 10. Qxd5 e5 11. Qxe4 f5 12. Qf3 exf4 13. O-O-O Qf6 14. Qxf4 Bg7 15. Bc4 Qe5 16. Qxe5+ Bxe5 17. Nb5 Ke7 18. N5d4 Rad8 19. g3 a6 20. Rhe1 Bc8 21. Nxc6+ bxc6 22. Nd4 Bxd4 23. Rxd4 Be6 24. Bxe6 Kxe6 25. Red1 Rd5 26. Rxd5 cxd5 27. b4 a5 28. c3 Rb8 29. a3 axb4 30. cxb4 Ke5 31. Rd4 g5 32. Kc2 h6 33. Kb3 Ke6 34. a4 Ke5 35. b5 Ke6 36. c6 Kd6 37. Kb4 Ra8 38. a5 Rb8 39. h4 Ra8 40. hxg5 hxg5 41. g4 Rf8 42. a6 fxg4 43. Rxg4 Rxf2 44. a7 Ra2 45. Rxg5 Rxa7 46. Rg6+ Ke5 47. Kc5 Ra1 48. c7 Rc1+ 49. Kb6 Ke4 50. Rc6 1-0

[Event "November 21 Late 2023"]
[Site "https://www.chess.com"]
[Date "2023.11.21"]
[Round "3"]
[White "Chylewski, Patryk"]
[Black "Buchenau, Frank"]
[Result "0-1"]
[Board "126"]
[TimeControl "180+1"]
[WhiteFideId "1186191"]
[BlackFideId "4604350"]
[WhiteElo "2176"]
[BlackElo "2157"]
[WhiteTeam "POL"]
[BlackTeam "GER"]
[WhiteClock "0:00:00"]
[BlackClock "0:01:04"]

1. d4 e6 2. Nc3 Nf6 3. Bf4 d5 4. e3 a6 5. Nf3 c5 6. dxc5 Bxc5 7. Bd3 Nc6 8. O-O Bd6 9. Bg5 h6 10. Bh4 Nb4 11. e4 Nxd3 12. cxd3 Be7 13. Qb3 O-O 14. Rfd1 b5 15. a4 b4 16. Bxf6 Bxf6 17. Qxb4 Bd7 18. exd5 Rb8 19. Qa3 exd5 20. Nxd5 Bxb2 21. Qc5 Bxa1 22. Rxa1 Be6 23. Nf4 Qf6 0-1

[Event "November 21 Late 2023"]
[Site "https://www.chess.com"]
[Date "2023.11.21"]
[Round "3"]
[White "Seletsky, Grigory"]
[Black "hristos03"]
[Result "1-0"]
[Board "127"]
[TimeControl "180+1"]
[WhiteFideId "14112191"]
[WhiteElo "2482"]
[BlackElo "2387"]
[WhiteTeam "UKR"]
[WhiteClock "0:01:34"]
[BlackClock "0:00:06"]

1. e4 c5 2. Nc3 a6 3. d3 b5 4. f4 e6 5. Nf3 Bb7 6. g3 d5 7. Bg2 b4 8. Ne2 dxe4 9. Ng5 Nf6 10. Nxe4 Nxe4 11. Bxe4 Bxe4 12. dxe4 Qxd1+ 13. Kxd1 Nc6 14. Be3 O-O-O+ 15. Kc1 Be7 16. a3 a5 17. axb4 axb4 18. Ra8+ Kb7 19. Rxd8 Rxd8 20. Rd1 Rxd1+ 21. Kxd1 e5 22. f5 Kb6 23. c3 Kb5 24. Kc2 c4 25. g4 b3+ 26. Kd2 Bc5 27. Ng3 g6 28. h4 Nd8 29. h5 Bxe3+ 30. Kxe3 Nb7 31. h6 Nc5 32. g5 Na4 33. Nh5 Nxb2 34. Kd2 Nd3 35. Nf6 Nf2 36. Kc1 Nxe4 37. Nxe4 1-0

[Event "November 21 Late 2023"]
[Site "https://www.chess.com"]
[Date "2023.11.21"]
[Round "3"]
[White "SergioMoralesG"]
[Black "a-z30"]
[Result "0-1"]
[Board "128"]
[TimeControl "180+1"]
[WhiteElo "2365"]
[BlackElo "2479"]
[WhiteClock "0:01:16"]
[BlackClock "0:02:49"]

1. d4 d6 2. c4 Nf6 3. Nf3 g6 4. Nc3 Bg7 5. e4 O-O 6. Be2 c5 7. O-O Bg4 8. Be3 Bxf3 9. Bxf3 cxd4 10. Bxd4 Nc6 11. Be3 Qa5 12. Rc1 Rfc8 13. Qd2 Ne5 14. Be2 Nxc4 15. Bxc4 Rxc4 16. f3 Rac8 17. Bh6 Bxh6 18. Qxh6 Qb6+ 19. Kh1 Qxb2 0-1